 Dungeon Crawl Stone Soup version 0.21.1-1-g345015f (webtiles) character file.

61 VersusAllOdds the Shield-Bearer (level 4, 0/29 HPs)
             Began as a Gargoyle Fighter on July 21, 2018.
             Killed from afar by Sigmund (2 damage)
             ... with a magic dart
             ... on level 2 of the Dungeon.
             The game lasted 00:03:30 (1119 turns).

VersusAllOdds the Shield-Bearer (Gargoyle Fighter)  Turns: 1119, Time: 00:03:31

Health: 0/29       AC: 10    Str: 20    XL:     4   Next: 7%
Magic:  4/4        EV:  7    Int:  9    God:
Gold:   53         SH:  9    Dex:  9    Spells: 3/3 levels left

rFire    . . .     SeeInvis .   a - +0 war axe
rCold    . . .     Gourm    .   c - +0 shield
rNeg     + . .     Faith    .   b - +0 scale mail
rPois    ∞         Spirit   .   (no helmet)
rElec    +         Reflect  .   (no cloak)
rCorr    .         Harm     .   (no gloves)
MR       .....                  (no boots)
Stlth    ..........             (no amulet)
HPRegen  0.09/turn              (no ring)
MPRegen  0.09/turn              (no ring)

@: no status effects
A: negative energy resistance 1, electricity resistance, unbreathing,
petrification resistance, rot immunity, AC +3
a: no special abilities


You were on level 2 of the Dungeon.
You were not hungry.

You visited 1 branch of the dungeon, and saw 2 of its levels.

You collected 53 gold pieces.

Inventory:

Hand Weapons
 a - a +0 war axe (weapon)
Armour
 b - a +0 scale mail (worn)
 c - a +0 shield (worn)
Scrolls
 g - 2 scrolls of identify {unknown}
 i - a scroll of teleportation {unknown}
Potions
 d - 3 potions of might
 j - a potion of degeneration {unknown}
 k - a potion of cancellation {unknown}
Comestibles
 f - 4 rations


   Skills:
 + Level 3.8 Fighting
 + Level 2.2 Axes
 + Level 3.9 Armour
 - Level 0.2 Dodging
 + Level 4.0 Shields


You had 3 spell levels left.
You didn't know any spells.

Dungeon Overview and Level Annotations

Branches:
Dungeon (2/15)

Altars:

Annotations:
D:2 Sigmund


Innate Abilities, Weirdness & Mutations

You are resistant to torment.
Your stone body is resilient. (AC +3)
You are immune to poison.
You resist negative energy. (rN+)
You are resistant to electric shocks. (rElec)
You can survive without breathing.
You are immune to petrification.
You are immune to rotting.


Message History

Sigmund is heavily wounded.
Sigmund says, "I'm your fate." Sigmund barely misses you.
Your shield prevents you from hitting Sigmund.
Sigmund is heavily wounded.
Sigmund points at you and mumbles some strange words.
The magic dart hits you!
You closely miss Sigmund.
Sigmund is heavily wounded.
Sigmund hits you with a scythe.
You closely miss Sigmund.
Sigmund is heavily wounded.
Sigmund hits you with a scythe!
* * * LOW HITPOINT WARNING * * *
You block Sigmund's attack.
All of the chunks of flesh in your inventory have rotted away.
There is a stone staircase leading up here.
Sigmund casts a spell at you. The magic dart hits you!
You die...

###.# ...#.......#
###.# ...#####.###
.##.# ...# #.#
.##.# ...# #.#
....######### #.#
............# #@#
.##..#.# #..# #.#
.##..#.###..#####.#
................@.#
###..#.###..#######
###..#.###..#
............#
#############


You could see Sigmund.

Vanquished Creatures
  Jessica (D:2)
  An adder (D:2)
  4 leopard geckos (D:1)
  8 bats (D:1)
  A giant cockroach (D:1)
  3 goblins
  A hobgoblin (D:1)
  2 frilled lizards
  A kobold (D:1)
  A rat (D:2)
23 creatures vanquished.

Notes
Turn   | Place    | Note
-------+----------+-------------------------------------------
     0 | D:1      | VersusAllOdds the Gargoyle Fighter began the quest for the Orb.
     0 | D:1      | Reached XP level 1. HP: 14/14 MP: 1/1
   101 | D:1      | Reached XP level 2. HP: 19/19 MP: 2/2
   601 | D:1      | Reached XP level 3. HP: 23/23 MP: 3/3
   669 | D:2      | Noticed Jessica
   677 | D:2      | Killed Jessica
   677 | D:2      | Reached skill level 4 in Shields
   813 | D:2      | Reached XP level 4. HP: 29/29 MP: 4/4
   977 | D:2      | Noticed Sigmund
  1119 | D:2      | Killed from afar by Sigmund

Skill      XL: |  1  2  3 |
---------------+----------+-----
Axes           | 2 |  2.2
Shields        | 4 |  4.0
Fighting       | |  3.8
Armour         | |  3.9
Dodging        | |  0.2

Action                   |  1- 3 |  4- 6 || total
-------------------------+-------+-------++-------
Melee: War axe           |    84 |    15 ||    99
  Use: Scroll            |       |     1 ||     1
  Eat: Chunk             |       |     1 ||     1
Armor: Scale mail        |    78 |     6 ||    84
Dodge: Dodged            |    33 |     5 ||    38
Block: Shield            |    70 |     7 ||    77
